Map: Chain of Ascension

Players

Yuriprime

  • Race: Zerg Zerg
  • Spawn Location: 11:00

ViS

  • Race: Zerg Zerg

VOD

Have the link to the VOD?

Description

Time

  • Played on: Jan. 21, 2018, 1:36 a.m.
  • Length: 10:27
Show
View Real Time Build Order
Export as new Build Order

Yuriprime Zerg 

Build Orders:  

Get SALT Encoding   

  12  0:03  Drone  
  13  0:18  Overlord  
  13  0:29  Drone  
  14  0:43  Drone x2  
  14  0:44  Drone  
  17  0:50  Extractor  
  16  1:06  Roach Warren  
  16  1:07  Drone  
  16  1:21  Drone x2  
  18  1:37  Roach  
  20  1:46  Roach  
  22  1:55  Overlord  
  22  2:11  Extractor  
  22  2:15  Roach  
  21  2:20  Lair  
  21  2:22  Drone x2  
  23  2:33  Drone x2  
  23  2:37  Brutalisk, Drone  
  26  2:55  Roach  
  26  3:03  Overlord  
  26  3:04  Drone  
  26  3:05  Drone  
  28  3:17  Brutalisk  
  28  3:22  Drone x2  
  30  3:36  Spire  
  29  4:03  Roach  
  29  4:06  Mutalisk  
  29  4:08  Roach  
  35  4:33  Mutalisk  
  35  4:34  Overlord  
  35  4:35  Overlord  
  35  4:36  Drone  
  38  4:54  Roach  
  38  5:10  Mutalisk x2  
  38  5:16  Brutalisk  
  42  5:44  Mutalisk  
  42  5:45  Mutalisk  
  40  6:12  Leviathan  
  40  6:13  Leviathan  
  40  6:23  Roach  
  40  6:45  Brutalisk  
  40  6:54  Mutalisk  
  40  7:22  Leviathan  
  40  7:35  Drone x5  
  40  7:36  Drone x4  
  49  7:52  Overlord  
  49  7:53  Drone  
  49  7:57  Evolution Chamber  
  47  8:12  Queen  
  45  8:23  Roach x2  
  51  8:42  Glial Reconstitution, Queen  
  51  8:43  Overlord x3  
  53  9:12  Queen  
  53  9:32  Roach  
  55  9:54  Brutalisk  
Show
View Real Time Build Order
Export as new Build Order

ViS Zerg 

Build Orders:  

Get SALT Encoding   

  18  0:03  Primal Drone  
  19  0:11  Primal Drone  
  19  0:18  Primal Drone  
  21  0:29  Extractor  
  21  0:50  Primal Warden  
  21  0:55  Primal Drone  
  23  1:00  Primal Drone  
  23  1:05  Primal Drone  
  25  1:16  Primal Drone  
  26  1:24  Primal Drone  
  27  1:34  Extractor  
  27  1:48  Primal Drone  
  28  2:11  Glevig's Den  
  28  2:12  Primal Drone x2  
  29  2:39  Primal Drone  
  30  2:42  Primal Drone  
  31  3:12  Primal Drone  
  32  3:39  Primal Drone x2  
  34  3:46  Murvar's Den  
  34  3:47  Primal Warden  
  34  3:54  Primal Drone  
  34  3:57  Primal Attacks Level 1  
  35  4:08  Primal Warden  
  35  4:10  Primal Drone  
  36  4:27  Primal Drone  
  37  4:40  Primal Drone  
  37  4:49  Primal Drone  
  39  5:23  Primal Drone x2  
  36  5:46  Primal Swarm Host  
  36  5:47  Primal Swarm Host x5  
  54  5:57  Primal Swarm Host  
  57  6:41  Primal Swarm Host  
  60  6:55  Primal Swarm Host x2  
  66  7:13  Primal Swarm Host  
  66  7:16  Primal Swarm Host  
  66  7:55  Primal Swarm Host  
  66  7:56  Primal Swarm Host  
  72  8:02  Primal Drone x3  
  72  8:03  Primal Drone x2  
  77  8:36  Primal Swarm Host x2  
  83  8:43  Primal Drone x2  
  85  9:17  Primal Drone  
  85  9:18  Primal Drone  
  85  9:19  Primal Swarm Host x2  
  93  9:22  Primal Zergling x6  
  93  9:25  Primal Zergling  
Tags
 
Add a new tag
Caveats
  • Supply blocks, unpowered buildings, or Contaminate may cause inaccurate times.
  • Supply counts are checked every 10 seconds.